 Dungeon Crawl Stone Soup version 0.32-a0-673-g3729bd50f8 (webtiles) character file.

Game seed: 12770635223688259440

2584685 Mulldrifter the Warrior (level 27, 157/157 (158) HPs)
             Began as a Vine Stalker Brigand on Mar 10, 2024.
             Was an Initiate of Fedhas.
             Escaped with the Orb
             ... and 4 runes
             ... and 2 gems!
             The game lasted 02:19:43 (67276 turns).

Mulldrifter the Warrior (Vine Stalker Brigand)     Turns: 67276, Time: 02:19:44

HP:   157/157 (158) AC: 22    Str: 17 (19) XL:     27
MP:   38/38         EV: 36    Int:  8      God:    Fedhas [......]
Gold: 4882          SH: 24    Dex: 31 (32) Spells: 40/42 levels left

rFire   + + .        j - +9 rapier (speed)
rCold   . . .        Q - +5 kite shield {reflect}
rNeg    . . .        A - +5 ring mail of Leapfrog {Str+3 Int-5 Dex+2}
rPois   +            y - +2 hat {Will+}
rElec   .            N - scarf {repulsion}
rCorr   .            i - +0 pair of gloves of Burnt Knowledge {rF++ Regen+ Dex+2}
SInv    .            h - +1 pair of boots of Oily Awe {Will+}
Will    +++++        D - amulet of regeneration
Stlth   ++           u - +4 ring of protection
HPRegen 2.86/turn    a - ring "Idghim" {rPois EV+5 Int+2}
MPRegen 0.26/turn

%: repel missiles, reflection, guardian spirit
@: studying 2 skills, lightly drained
A: fangs 3, regeneration 1, magic shield, antimagic bite, no potion heal 2,
horns 1, deterioration 2, persistent drain
0: Orb of Zot
}: 4/15 runes: barnacled, slimy, silver, gossamer
a: Renounce Religion


You escaped.
You worshipped Fedhas.
Fedhas was noncommittal.
You visited 12 branches of the dungeon, and saw 56 of its levels.
You visited the Abyss 1 time.
You also visited: Trove, Gauntlet and Ice Cave.

You collected 9544 gold pieces.
You spent 4662 gold pieces at shops.

Inventory:

Hand Weapons
 f - a +7 quick blade of electrocution
 j - a +9 rapier of speed (weapon)
 o - the +10 zealot's sword {holy, Zealotry, *Rage rN+ EV+3}
   (You found it on level 2 of the Depths)

   Zealotry:  Whenever the wielder enters a berserk rage, their allies are
   berserked alongside them.
   EV+3:      It affects your evasion (+3).
   rN+:       It protects you from negative energy.
   *Rage:     It berserks you when you make melee attacks (+20% chance).
 B - the +8 Vampire's Tooth {megavamp}
   (You bought it in a shop on level 5 of the Vaults)
Missiles
 e - 20 curare-tipped darts (quivered)
 g - 6 throwing nets
 F - 10 atropa-tipped darts
Armour
 h - the +1 pair of boots of Oily Awe (worn) {Will+}
   (You found it on level 1 of the Depths)

   Will+:     It increases your willpower.
 i - the +0 pair of gloves of Burnt Knowledge (worn) {rF++ Regen+ Dex+2}
   (You acquired it on level 3 of the Vaults)

   Dex+2:     It affects your dexterity (+2).
   rF++:      It greatly protects you from fire.
   Regen+:    It increases your rate of health regeneration.
 y - a +2 hat of willpower (worn)
 A - the +5 ring mail of Leapfrog (worn) {Str+3 Int-5 Dex+2}
   (You found it on level 5 of the Dungeon)

   Str+3:     It affects your strength (+3).
   Int-5:     It affects your intelligence (-5).
   Dex+2:     It affects your dexterity (+2).
 N - a scarf of repulsion (worn)
 Q - a +5 kite shield of reflection (worn)
 Y - the +2 pair of gloves "Foofay" {Rampage rF+ rCorr Stlth-}
   (Okawaru gifted it to you on level 4 of the Lair of Beasts)

   rF+:       It protects you from fire.
   rCorr:     It protects you from acid and corrosion.
   Rampage:   It bestows one free step when moving towards enemies.
   Stlth-:    It makes you less stealthy.
Jewellery
 a - the ring "Idghim" (right hand) {rPois EV+5 Int+2}
   (You found it on level 11 of the Dungeon)

   [ring of evasion]

   EV+5:      It affects your evasion (+5).
   Int+2:     It affects your intelligence (+2).
   rPois:     It protects you from poison.
 l - the amulet "Qatiepiy" {rF+ rC+ RegenMP+}
   (You took it off a vault warden on level 5 of the Vaults)

   [amulet of magic regeneration]

   It increases your rate of magic regeneration.
   rF+:       It protects you from fire.
   rC+:       It protects you from cold.
   RegenMP+:  It increases your rate of magic regeneration.
 m - the ring "Kiruimm" {rN+ rCorr Str+3 SInv}
   (You found it on level 1 of the Shoals)

   [ring of positive energy]

   Str+3:     It affects your strength (+3).
   rN+:       It protects you from negative energy.
   SInv:      It lets you see invisible.
   rCorr:     It protects you from acid and corrosion.
 p - the ring "Setruo" {rPois rF+ Will- Str+4}
   (You took it off a deep elf sorcerer on level 3 of the Elven Halls)

   [ring of poison resistance]

   Str+4:     It affects your strength (+4).
   rF+:       It protects you from fire.
   rPois:     It protects you from poison.
   Will-:     It decreases your willpower.
 u - a +4 ring of protection (left hand)
 D - an amulet of regeneration (around neck)
 W - the ring "Pyovview" {rF+ rC+ MP+9 Str+2}
   (You found it on level 2 of the Depths)

   [ring of magical power]

   Str+2:     It affects your strength (+2).
   rF+:       It protects you from fire.
   rC+:       It protects you from cold.
   MP+9:      It affects your magic capacity (+9).
 Z - the ring "Ycaunaig" {rPois rCorr Int+6 SInv}
   (You found it on level 5 of the Pits of Slime)

   [ring of see invisible]

   Int+6:     It affects your intelligence (+6).
   rPois:     It protects you from poison.
   SInv:      It lets you see invisible.
   rCorr:     It protects you from acid and corrosion.
Talismans
 V - a granite talisman
Wands
 c - a wand of quicksilver (18)
 v - a wand of digging (12)
Scrolls
 d - a scroll of summoning {!r}
 n - 20 scrolls of teleportation {@r3}
 q - 12 scrolls of immolation
 r - 4 scrolls of silence {!r}
 H - 7 scrolls of revelation {@r5}
 J - 8 scrolls of enchant armour
 M - a scroll of brand weapon
 U - 7 scrolls of fog {@r2}
 X - 3 scrolls of fear
Potions
 k - 10 potions of lignification
 t - 6 potions of attraction
 w - 26 potions of curing {@q2}
 x - 8 potions of ambrosia
 z - a potion of berserk rage
 C - 7 potions of magic
 E - 7 potions of enlightenment
 G - 3 potions of invisibility
 I - 4 potions of brilliance
 L - 3 potions of resistance
 O - 2 potions of cancellation
 S - 2 potions of might {@q3}
 T - 9 potions of mutation
Miscellaneous
 s - a phantom mirror
 K - a phial of floods
 R - a lightning rod (4/4)


   Skills:
 + Level 20.8 Fighting
 - Level 17.0 Short Blades
 - Level 1.7 Throwing
 - Level 10.0 Armour
 + Level 19.6 Dodging
 - Level 15.0 Stealth
 + Level 20.2 Shields
 - Level 8.0 Spellcasting
 - Level 6.0 Translocations
 - Level 20.0 Invocations
 - Level 16.0 Shapeshifting


You had 40 spell levels left.
You knew the following spells:

 Your Spells              Type           Power      Damage    Failure   Level
b - Blink                 Tloc           24%        N/A       5%          2

Your spell library contained the following spells:

 Spells                   Type           Power      Damage    Failure   Level
 Apportation              Tloc           24%        N/A       3%          1
 Lesser Beckoning         Tloc           24%        N/A       5%          2
 Momentum Strike          Conj/Tloc      16%        3d8       19%         2
 Volatile Blastmotes      Fire/Tloc      16%        2d11      34%         3
 Passage of Golubria      Tloc           12%        N/A       34%         4
 Foxfire                  Conj/Fire      12%        2x1d4     38%         1
 Freeze                   Ice            12%        1d3       38%         1
 Kiss of Death            Conj/Necr      12%        2d6       38%         1
 Magic Dart               Conj           12%        1d3       38%         1
 Slow                     Hex            12%        N/A       38%         1
 Sting                    Conj/Alch      12%        1d3       38%         1
 Call Imp                 Summ           6%         N/A       52%         2
 Cigotuvi's Dreadful Rot  Necr/Alch/Air  6%         N/A       52%         2
 Ensorcelled Hibernation  Hex/Ice        6%         N/A       52%         2
 Jinxbite                 Hex            6%         N/A       52%         2
 Mercury Vapours          Alch/Air       6%         N/A       52%         2
 Searing Ray              Conj           6%         2d4       52%         2
 Static Discharge         Conj/Air       6%         3-4/arc   52%         2
 Sublimation of Blood     Necr           3%         N/A       52%         2
 Iskenderun's Mystic Bla  Conj/Tloc      8%         2d4       75%         4
 Vhi's Electric Charge    Tloc/Air       16%        N/A       75%         4
 Call Canine Familiar     Summ           3%         N/A       77%         3
 Confusing Touch          Hex            3%         N/A       77%         3
 Dazzling Flash           Conj/Hex       6%         N/A       77%         3
 Frozen Ramparts          Ice            6%         1d1       77%         3
 Fugue of the Fallen      Necr           3%         N/A       77%         3
 Hailstorm                Conj/Ice       3%         3d5       77%         3
 Inner Flame              Hex/Fire       3%         N/A       77%         3
 Mephitic Cloud           Conj/Alch/Air  3%         N/A       77%         3
 Ozocubu's Armour         Ice            3%         N/A       77%         3
 Sigil of Binding         Hex            3%         N/A       77%         3
 Summon Ice Beast         Ice/Summ       3%         N/A       77%         3
 Vampiric Draining        Necr           3%         2d6       77%         3
 Airstrike                Air            1%         2d(1-17)  99%         4
 Anguish                  Hex/Necr       1%         N/A       99%         4
 Animate Dead             Necr           3%         N/A       99%         4
 Cause Fear               Hex            1%         N/A       99%         4
 Dispel Undead            Necr           3%         3d7       99%         4
 Fulminant Prism          Conj/Alch      1%         3d5       99%         4
 Ignite Poison            Fire/Alch      3%         N/A       99%         4
 Leda's Liquefaction      Alch/Erth      1%         N/A       99%         4
 Martyr's Knell           Necr/Summ      3%         N/A       99%         4
 Olgreb's Toxic Radiance  Alch           3%         N/A       99%         4
 Petrify                  Alch/Erth      3%         N/A       99%         4
 Sticky Flame             Fire/Alch      3%         2d4       99%         4
 Summon Lightning Spire   Summ/Air       3%         N/A       99%         4
 Alistair's Intoxication  Alch           2%         N/A       100%        5
 Arcjolt                  Conj/Air       1%         1d11      100%        5
 Borgnjor's Vile Clutch   Necr/Erth      1%         N/A       100%        5
 Freezing Cloud           Conj/Ice/Air   1%         6-21      100%        5
 Irradiate                Conj/Alch      1%         3d12      100%        5
 Lee's Rapid Deconstruct  Erth           1%         3d4*      100%        5
 Metabolic Englaciation   Hex/Ice        1%         N/A       100%        5
 Silence                  Hex/Air        1%         N/A       100%        5
 Yara's Violent Unravell  Hex/Alch       1%         3d3       100%        5
 Bombard                  Conj/Erth      1%         9d1       100%        6
 Conjure Ball Lightning   Conj/Air       1%         3x3d6     100%        6
 Death Channel            Necr           1%         N/A       100%        6
 Plasma Beam              Fire/Air       1%         2x1d11    100%        6
 Sculpt Simulacrum        Ice/Alch       1%         N/A       100%        6
 Starburst                Conj/Fire      1%         6d3       100%        6
 Enfeeble                 Hex            1%         N/A       100%        7
 Haunt                    Necr/Summ      1%         N/A       100%        7
 Ozocubu's Refrigeration  Ice            1%         4d7       100%        7
 Spellforged Servitor     Conj/Summ      1%         N/A       100%        7
 Discord                  Hex            1%         N/A       100%        8
 Disjunction              Tloc           6%         N/A       100%        8
 Infestation              Necr           1%         N/A       100%        8
 Lehudib's Crystal Spear  Conj/Erth      1%         10d2      100%        8
 Maxwell's Capacitive Co  Air            1%         ∞         100%        8
 Fire Storm               Conj/Fire      1%         8d1       100%        9
 Polar Vortex             Ice            1%         N/A       100%        9


Dungeon Overview and Level Annotations

Branches:
Dungeon (15/15)            Temple (1/1) D:7            Lair (5/5) D:11
 Shoals (4/4) Lair:3       Spider (4/4) Lair:2        Slime (5/5) Lair:4
    Orc (2/2) D:12            Elf (3/3) Orc:2        Vaults (5/5) D:14
  Crypt (3/3) Vaults:2       Tomb (0/3) Crypt:3      Depths (4/4) D:15
    Zot (5/5) Depths:4      IceCv (visited)         Gauntlet (visited)

Altars:
Ashenzari
Cheibriados
Dithmenos
Elyvilon
Fedhas
Gozag
Hepliaklqana
Kikubaaqudgha
Makhleb
Nemelex Xobeh
Okawaru
Qazlal
Ru
Sif Muna
Trog
Uskayaw
Vehumet
Wu Jian
Xom
Yredelemnul
Zin
The Shining One
Beogh
Jiyva
Lugonu

Shops:
D:7 *   D:15 (   Orc:2 =*==   Elf:1 *=!*?   Elf:3 !!([   Shoals:3 [
Vaults:3 ?   Vaults:5 (   Zot:3 *   Depths:3 :=:

Portals:
Hell: Depths:1 Depths:2 Depths:3 Depths:4
Abyss: Depths:1 Depths:2 Depths:3
Pandemonium: Depths:2 Depths:4
Ziggurat: Depths:1

Annotations:
Zot:2 1 transporter
Zot:3 2 transporters, exclusion: orange crystal statue
Zot:5 6 transporters


Innate Abilities, Weirdness & Mutations

You have razor-sharp teeth.
Your natural rate of healing is unusually fast.
When hurt, damage is shared between your health and your magic reserves.
Your bite disrupts and absorbs the magic of your enemies.
Potions cannot restore your health.
You have a pair of small horns on your head.
Your body often deteriorates upon taking damage.
Your health recovers twice as slowly from being drained.


Message History

Something closely misses you.
There is a strange disturbance nearby!
Deactivating autopickup; reactivate with Ctrl-A.
You puncture something! You headbutt something. Your bite misses something.
You block something's attack.
You puncture something! You bite something! You drain its power.
You completely miss something. Your bite misses something.
You puncture something! Your bite misses something.
Something closely misses you.
You hit something but do no damage. You bite something. You drain its power.
You closely miss something. Your bite misses something. Something hits you!!
You feel your power leaking away.
You impale something!! You bite something. You drain its power.
You feel invigorated.
You impale something!! Fedhas accepts your kill.
Reactivating autopickup.
You feel a bit more experienced.
HP restored.
A hell hound comes into view.
An Ice Fiend comes into view.
You stalk carefully through the plants.
A hell hound comes into view. 2 hell hounds come into view.
The hell hound barks!
A hell hound comes into view.
There is a stone staircase leading up here.
The hell hound breathes flames at you.
The blast of flame is repelled.
You hear a bark!
You climb upwards.
There is a stone staircase leading down here.
You see here a +0 dagger.
There is an open door here.
You open the door.
There is an open door here.
There is an open door here.
Magic restored.
There is a staircase leading out of the dungeon here.
You have escaped!

.#...## #.......##.....#
.###..#### ####..#.##.....## # [#
##....#######'#..###....######
.#######......##.#...##.##......#
.....######.#..#+#......#######..
####..#####.##.#.###..#)### ####
##.........##'##...#...####...
####.######...#####.#..#.....
#..'.'.'.@.'.'.'..).#.....
########...#####.#........
#.####'## #....>.#... #..# #.#
###......#### ##.# #'#
#...##.....## #.###.#
#...##.#..... #..##'#
##......#..#..
##..#.###...#..##..#..
##.#......##..##.....


There were no monsters in sight!

Vanquished Creatures
  the Royal Jelly (Slime:5)
  4 dread liches
  7 orbs of fire
  3 ancient liches
  Mara (Vaults:5)
  Josephina (Crypt:2)
  Bai Suzhen (Vaults:5)
  Boris (Vaults:4)
  Margery (Vaults:5)
  9 Killer Klowns (Zot:5)
  6 curse toes
  Nikola (Depths:2)
  6 golden dragons
  A profane servitor (Zot:2)
  4 electric golems
  Jory (Vaults:2)
  2 bone dragons (Abyss:3)
  Jorgrun (D:12)
  The ghost of Ciuzocro the Blocker, an adept GnFi of Gozag (Shoals:1)
  Rupert (D:15)
  Zenata (Vaults:4)
  25 Orb Guardians (Zot:5)
  20 titans
  11 tentacled monstrosities
  A walking frostbound tome (Depths:4)
  4 liches
  7 quicksilver dragons
  6 deep elf blademasters
  An Executioner (D:6)
  9 sphinxes
  6 krakens
  A searing wretch (Vaults:5)
  23 acid blobs
  3 deep elf master archers
  2 tentacled starspawn (Abyss:3)
  Polyphemus (Shoals:4)
  3 death cobs
  Gastronok (D:8)
  8 ancient champions
  12 shadow dragons
  22 storm dragons
  5 tengu reavers
  Donald (Orc:2)
  10 draconian monks
  2 revenants
  8 azure jellies
  11 frost giants
  3 protean progenitors
  An iron dragon (Vaults:4)
  14 rockslimes
  12 fire giants
  7 draconian knights
  4 draconian shifters
  4 deep elf elementalists (Elf:3)
  5 draconian scorchers
  An angel (Shoals:4)
  7 deep elf sorcerers (Elf:3)
  Louise (Shoals:4)
  19 vault wardens
  9 emperor scorpions
  5 ghost moths
  3 draconian stormcallers
  6 draconian annihilators
  4 ghouls (Crypt:3)
  14 quicksilver oozes
  4 broodmothers
  10 orc warlords
  17 stone giants
  17 very ugly things
  2 ironbound thunderhulks
  3 spriggan defenders
  16 ironbound preservers
  9 formless jellyfish
  9 green draconians
  13 deep elf death magi
  Nessos (D:15)
  Azrael (D:13)
  12 deep elf annihilators
  5 deep elf demonologists (Elf:3)
  14 red draconians
  10 vampire knights
  3 black draconians
  4 lorocyprocas
  8 dire elephants
  11 white draconians
  7 purple draconians
  6 minotaurs
  8 spark wasps
  12 ettins
  7 war gargoyles
  2 blizzard demons
  10 yellow draconians
  11 merfolk impalers
  4 eidola
  8 entropy weavers
  A green death (Gauntlet)
  12 merfolk javelineers
  4 fire dragons
  A spectral kraken (Shoals:1)
  The ghost of Gikes the Grappler, a journeyman TrFi of Ru (Orc:1)
  7 great orbs of eyes
  Fannar (D:12)
  3 rakshasas
  9 deep elf high priests
  16 yaktaur captains
  A quicksilver dragon skeleton (Crypt:3)
  6 jiangshi (Crypt:3)
  8 ice dragons
  4 hydras
  A sphinx zombie (Crypt:3)
  2 spriggan air magi (Depths:3)
  36 vault guards
  2 satyrs
  An alligator (Zot:5)
  21 centaur warriors
  A peacekeeper (Vaults:3)
  A radroach (Spider:1)
  A death knight (D:14)
  4 ironbound frosthearts
  3 catoblepae
  6 merfolk aquamancers
  4 merfolk avatars
  10 two-headed ogres
  26 dancing weapons
  4 ogre magi
  2 jorogumos (Zot:1)
  6 death yaks
  A tengu warrior (Depths:1)
  A boulder beetle (D:12)
  9 vampire magi
  13 demonic crawlers
  5 deep troll shamans
  7 deep troll earth magi
  5 spriggan berserkers
  4 thrashing horrors (Abyss:3)
  An orc high priest (Orc:2)
  2 sun demons (Depths:2)
  Sonja (D:12)
  4 soul eaters
  A holy swine (Shoals:3)
  4 hell knights
  A skyshark (shapeshifter) (Vaults:4)
  6 skysharks
  21 deep elf knights
  6 iron trolls
  24 skeletal warriors
  A wretched star (Vaults:5)
  7 sea snakes
  4 shadow wraiths
  2 sixfirhies
  A fire crab (Lair:5)
  3 flayed ghosts
  44 deep trolls
  3 cherubim
  2 pharaoh ants
  7 orb spiders
  14 arcanists
  5 glowing orange brains
  An anaconda zombie (Crypt:2)
  11 large abominations
  A sun moth (Spider:2)
  2 bog bodies (Crypt:3)
  23 ironbound convokers
  2 anaconda skeletons (Crypt:2)
  A shadow dragon zombie (Crypt:3)
  8 thermic dynamos
  12 lindwurms
  8 steelbarb worms
  7 deep elf archers
  An obsidian statue (D:12)
  5 phantasmal warriors
  4 necromancers
  3 steelbarb worms (shapeshifter)
  20 harpies
  33 orc knights
  8 shining eyes
  A stone giant zombie (Crypt:2)
  18 deep elf zephyrmancers
  A shadow dragon skeleton (Crypt:1)
  15 wolf spiders
  A will-o-the-wisp (Abyss:3)
  28 deep elf pyromancers
  3 orc sorcerers
  7 cyclopes
  18 moths of wrath
  13 manticores
  41 ugly things
  18 fauns
  A spectral alligator snapping turtle (Shoals:1)
  4 elephants (Lair:3)
  An iron dragon skeleton (Crypt:3)
  A naga zombie (Crypt:2)
  12 merfolk sirens
  2 apocalypse crabs (Abyss:3)
  16 vault sentinels
  A stone giant skeleton (Crypt:2)
  A centaur zombie (Crypt:3)
  3 torpor snails
  7 water nymphs
  4 black mambas
  An orange demon (Gauntlet)
  8 cane toads
  2 ice statues (IceCv)
  3 smoke demons
  3 naga skeletons
  2 alligator snapping turtle zombies (Crypt:2)
  A gargoyle (D:13)
  6 eyes of devastation
  A dire elephant skeleton (Crypt:2)
  A hellion (Zot:4)
  A spectral sea snake (Shoals:1)
  A minotaur zombie (Gauntlet)
  10 rime drakes
  6 komodo dragons
  2 unseen horrors (Depths:1)
  2 kobold demonologists (D:15)
  An orb spider zombie (Crypt:2)
  8 freezing wraiths
  20 yaktaurs
  An efreet (Gauntlet)
  2 centaur skeletons (Crypt:2)
  An ancient zyme (Abyss:3)
  An anaconda simulacrum (Crypt:2)
  A guardian mummy (Crypt:3)
  6 trolls
  A hellwing (Abyss:3)
  44 merfolk
  A queen bee (shapeshifter) (D:15)
  7 polar bears
  3 harpy skeletons
  10 hornets
  4 wind drakes
  5 blink frogs
  30 tarantellas
  5 glass eyes
  15 dream sheep
  A guardian serpent zombie (Crypt:3)
  5 saltlings (Orc:2)
  8 snapping turtles
  8 jumping spiders
  A tarantella zombie (Crypt:3)
  3 air elementals
  Sigmund (D:5)
  A jumping spider (shapeshifter) (Depths:1)
  7 vampires
  24 culicivoras
  A black mamba skeleton (Crypt:2)
  15 water elementals
  140 slime creatures
  A fire bat (shapeshifter) (D:15)
  6 wyverns
  A shadow (D:13)
  2 basilisks
  10 wraiths
  A yak (shapeshifter) (D:15)
  18 spriggans
  4 fire elementals
  3 golden eyes (Slime:3)
  3 wargs (Orc:2)
  34 yaks
  A naga simulacrum (Abyss:3)
  2 ynoxinuls
  A basilisk (shapeshifter) (Abyss:3)
  A steam dragon (D:8)
  6 vampire mosquitoes
  Grum (D:11)
  38 redbacks
  3 chaos spawn
  Menkaure (D:3)
  2 neqoxecs (Abyss:3)
  Edmund (D:4)
  4 small abominations
  A spectral snapping turtle (Shoals:1)
  An acid dragon (D:7)
  15 water moccasins
  A deep troll skeleton (Crypt:1)
  3 hell hounds
  19 orc warriors
  4 sky beasts
  5 black bears
  An ice beast (D:6)
  26 laughing skulls
  8 ogres
  5 boggarts (Lair:5)
  33 wolves
  6 centaurs
  4 phantoms
  A fire crab zombie (Crypt:1)
  7 kobold brigands
  15 bullfrogs
  A draconian zombie (Crypt:3)
  5 earth elementals
  A brain worm (Abyss:3)
  4 scorpions
  18 wights
  A spriggan zombie (Crypt:3)
  2 lindwurm simulacra (IceCv)
  5 killer bees (D:9)
  13 electric eels
  6 howler monkeys
  3 komodo dragon simulacra (IceCv)
  A black bear zombie (Crypt:2)
  5 jellies
  7 hounds
  15 orc priests
  A bullfrog skeleton (Crypt:3)
  A gnoll bouda (D:7)
  A black bear skeleton (Crypt:3)
  Natasha (thrice) (D:4)
  4 iguanas
  22 orc wizards
  2 tengu zombies
  A hound skeleton (D:3)
  12 mummies (Crypt:3)
  6 gnolls
  A steam dragon zombie (Crypt:2)
  7 acid dragon simulacra (IceCv)
  7 adders
  A swamp drake zombie (Crypt:1)
  A swamp drake skeleton (Crypt:1)
  2 shadow imps
  6 white imps
  3 ufetubi (Abyss:3)
  9 steam dragon simulacra (IceCv)
  4 dart slugs
  3 ribbon worms
  64 orcs
  6 bats
  A bat skeleton (Crypt:3)
  8 endoplasms
  2 giant cockroaches (D:1)
  5 hobgoblins
  4 jackals (D:3)
  25 kobolds
  2 quokkas
  A river rat zombie (Crypt:1)
  4 ball pythons
  A frilled lizard (D:1)
  7 goblins
  A quokka skeleton (Crypt:2)
  6 rats
  A starspawn tentacle (Abyss:3)
  44 tentacles
2497 creatures vanquished.

Vanquished Creatures (collateral kills)
  A gnoll bouda (D:4)
1 creature vanquished.

Vanquished Creatures (others)
  An Ice Fiend (Zot:5)
  A quicksilver dragon zombie (D:15)
  A yaktaur captain (Vaults:5)
  A vault guard (Vaults:5)
  An alligator (Zot:5)
  A deep elf knight (Elf:1)
  A deep troll (Vaults:4)
  A deep elf pyromancer (Elf:1)
  A manticore (Shoals:3)
  A spriggan zombie (D:15)
  2 dire elephant simulacra (Crypt:2)
  A centaur simulacrum (Crypt:2)
  A ynoxinul (Zot:5)
  A human (shapeshifter) (Vaults:5)
  A sky beast (D:8)
  An ogre (D:4)
  3 gnolls (D:4)
  2 ball lightnings (Zot:5)
  7 spectral weapons
  A starspawn tentacle (Abyss:3)
  95 tentacles
125 creatures vanquished.

Grand Total: 2623 creatures vanquished

Notes
Turn   | Place    | Note
-------+----------+-------------------------------------------
     0 | D:1      | Mulldrifter the Vine Stalker Brigand began the quest for
                  | the Orb.
     0 | D:1      | Reached XP level 1. HP: 11/11 MP: 2/2
   117 | D:1      | Reached skill level 1 in Dodging
   117 | D:1      | Reached XP level 2. HP: 15/15 MP: 3/3
   136 | D:1      | Reached skill level 5 in Stealth
   347 | D:1      | Reached XP level 3. HP: 18/18 MP: 4/4
   897 | D:2      | Reached XP level 4. HP: 23/23 MP: 5/5
  1542 | D:3      | Found a transporter.
  1543 | D:3      | Found an ancient bone altar of Kikubaaqudgha.
  1688 | D:3      | Found a blossoming altar of Fedhas.
  1730 | D:3      | Noticed Menkaure
  1733 | D:3      | Found a basalt altar of Yredelemnul.
  1753 | D:3      | Found a transporter.
  2067 | D:4      | Noticed Edmund
  2272 | D:4      | Noticed an ogre
  2404 | D:3      | Reached XP level 5. HP: 24/27 MP: 6/6
  2477 | D:3      | Identified 2 scrolls of acquirement
  2478 | D:3      | Acquired a manual of Short Blades
  2479 | D:3      | Acquired a manual of Short Blades
  2917 | D:4      | Noticed Natasha
  2928 | D:4      | Killed Natasha
  2929 | D:4      | Reached XP level 6. HP: 31/32 MP: 7/7
  3178 | D:4      | Killed Edmund
  3179 | D:4      | Reached skill level 5 in Short Blades
  3360 | D:4      | Noticed Natasha
  3378 | D:4      | Killed Natasha
  3413 | D:4      | Noticed Natasha
  3426 | D:4      | Killed Natasha
  3427 | D:4      | Reached XP level 7. HP: 26/36 MP: 7/8
  3524 | D:5      | Entered Level 5 of the Dungeon
  3754 | D:5      | Identified the +5 ring mail of Leapfrog {Str+3 Int-5 Dex+2}
  3852 | D:5      | Identified the +9 hand axe "Doun" {spect, +Blink Will-
                  | Str+5 Dex-2}
  3863 | D:5      | Noticed Sigmund
  3867 | D:5      | Killed Sigmund
  3871 | D:5      | Gained mutation: You have razor-sharp teeth. [Vine Stalker
                  | growth]
  3871 | D:5      | Reached XP level 8. HP: 42/42 MP: 9/9
  4432 | D:6      | Reached skill level 5 in Fighting
  4523 | D:6      | Reached XP level 9. HP: 46/47 MP: 10/10
  4643 | D:6      | Reached skill level 10 in Short Blades
  5025 | D:7      | Found a hazy altar of Hepliaklqana.
  5032 | D:7      | Found a burning altar of Makhleb.
  5077 | D:7      | Found a staircase to the Ecumenical Temple.
  5205 | D:7      | Reached skill level 5 in Dodging
  5289 | D:7      | Found a stormy altar of Qazlal.
  5753 | D:7      | Found Vablic's General Store.
  5757 | D:7      | Bought a scroll of teleportation for 42 gold pieces
  5803 | Temple   | Entered the Ecumenical Temple
  5807 | Temple   | Became a worshipper of Warmaster Okawaru
  5844 | D:8      | Reached XP level 10. HP: 42/53 MP: 11/11
  5895 | D:8      | Paralysed by a hornet for 1 turns
  5898 | D:8      | Paralysed by a hornet for 3 turns
  5902 | D:8      | Reached skill level 1 in Invocations
  6021 | D:8      | Noticed Gastronok
  6033 | D:8      | Killed Gastronok
  6033 | D:8      | Reached * piety under Okawaru
  6033 | D:8      | Reached ** piety under Okawaru
  7028 | D:9      | Reached *** piety under Okawaru
  7183 | D:9      | Found a snail-covered altar of Cheibriados.
  7288 | D:9      | Found an opulent altar of Gozag.
  7638 | D:9      | Noticed a two-headed ogre
  7650 | D:9      | Killed a two-headed ogre
  7651 | D:9      | Reached XP level 11. HP: 49/59 MP: 15/15
  8004 | D:10     | Entered Level 10 of the Dungeon
  8037 | D:10     | Found a glowing golden altar of the Shining One.
  8241 | D:10     | Reached **** piety under Okawaru
  8292 | D:10     | Reached skill level 5 in Invocations
  8597 | D:10     | Found a bloodstained altar of Trog.
  8659 | D:11     | Found a staircase to the Lair.
  8821 | D:11     | Reached ***** piety under Okawaru
  8831 | D:11     | Found a frozen archway.
  8841 | IceCv    | Entered an ice cave
  8997 | IceCv    | Identified the +2 plate armour "Icheklet" {Fly Str+2 Int-4}
  9258 | IceCv    | Received a gift from Okawaru
  9820 | IceCv    | Noticed an ice dragon
  9844 | IceCv    | Killed an ice dragon
  9914 | IceCv    | Identified the ring "Zaylie" {Int+6 Dex+3}
 10075 | D:11     | Reached skill level 1 in Shields
 10078 | D:11     | Reached XP level 12. HP: 60/66 MP: 18/18
 10181 | D:11     | Identified the ring "Idghim" {rPois EV+5 Int+2}
 10214 | D:11     | Noticed a centaur warrior
 10225 | D:11     | Killed a centaur warrior
 10448 | D:11     | Noticed Grum
 10460 | D:11     | Killed Grum
 10551 | D:11     | Noticed a two-headed ogre
 10560 | D:11     | Killed a two-headed ogre
 10720 | D:12     | Received a gift from Okawaru
 10777 | D:12     | Noticed a two-headed ogre
 10795 | D:12     | Killed a two-headed ogre
 10960 | D:12     | Noticed Sonja
 10965 | D:12     | Killed Sonja
 11090 | D:12     | Noticed a two-headed ogre
 11096 | D:12     | Killed a two-headed ogre
 11096 | D:12     | Received a gift from Okawaru
 11120 | D:12     | Found a staircase to the Orcish Mines.
 11338 | Lair:1   | Entered Level 1 of the Lair of Beasts
 11435 | Lair:1   | Reached skill level 5 in Shields
 12197 | Lair:2   | Reached skill level 10 in Fighting
 12227 | Lair:2   | Reached XP level 13. HP: 72/72 MP: 18/20
 12230 | Lair:2   | Received a gift from Okawaru
 12231 | Lair:2   | Reached skill level 1 in Armour
 12677 | Lair:2   | Found a hole to the Spider Nest.
 12742 | Lair:2   | Got the Folio of Asceticism
 12940 | Lair:3   | Found a staircase to the Shoals.
 13731 | Lair:4   | Reached ****** piety under Okawaru
 13751 | Lair:4   | Acquired the +2 pair of gloves "Foofay" {Rampage rF+ rCorr
                  | Stlth-}
 13751 | Lair:4   | Received a gift from Okawaru
 13764 | Lair:4   | Acquired a +3 quick blade of flaming
 13764 | Lair:4   | Received a gift from Okawaru
 13962 | Lair:4   | Found a viscous altar of Jiyva.
 13977 | Lair:4   | Found a staircase to the Slime Pits.
 14011 | Lair:4   | Received a gift from Okawaru
 14133 | Lair:4   | Identified the +3 trident of Delightful Defence {drain, Fly
                  | rCorr SInv}
 14446 | Lair:5   | Entered Level 5 of the Lair of Beasts
 14551 | Lair:5   | Received a gift from Okawaru
 14720 | Lair:5   | Reached XP level 14. HP: 77/77 MP: 22/22
 14767 | Lair:5   | Reached skill level 10 in Dodging
 14819 | Lair:5   | Received a gift from Okawaru
 14956 | Lair:5   | Reached skill level 10 in Invocations
 14995 | Lair:5   | Received a gift from Okawaru
 15067 | Lair:5   | Got an earthy gem with 111 turns to spare
 15107 | Lair:5   | Reached skill level 5 in Armour
 15136 | Lair:5   | Reached skill level 10 in Shields
 15725 | Orc:1    | Entered Level 1 of the Orcish Mines
 16112 | Orc:1    | Found a runed translucent door.
 16117 | Orc:1    | Noticed Gikes's ghost (journeyman TrFi)
 16140 | Orc:1    | Killed Gikes's ghost
 16451 | D:3      | Killed Menkaure
 16704 | D:12     | Noticed Jorgrun
 16725 | D:12     | Killed Jorgrun
 16725 | D:12     | Received a gift from Okawaru
 16913 | D:12     | Noticed Fannar
 16929 | D:12     | Killed Fannar
 17164 | Orc:2    | Entered Level 2 of the Orcish Mines
 17289 | Orc:2    | Received a gift from Okawaru
 17302 | Orc:2    | Noticed Donald
 17421 | Orc:2    | Killed Donald
 17487 | Orc:2    | Reached skill level 1 in Spellcasting
 17661 | Orc:2    | Found a staircase to the Elven Halls.
 18112 | Orc:2    | Reached XP level 15. HP: 80/80 MP: 25/25
 18120 | Orc:2    | Found Keatett's General Store.
 18120 | Orc:2    | Found a roughly hewn altar of Beogh.
 18121 | Orc:2    | Found Nauwi's Jewellery Shoppe.
 18255 | Orc:2    | Noticed an orc warlord
 18356 | Orc:2    | Found Xoytiw's Jewellery Shop.
 18382 | Orc:2    | Found Gaoplos's Jewellery Shoppe.
 18489 | Orc:2    | Received a gift from Okawaru
 18624 | Orc:2    | Killed an orc warlord
 18765 | D:13     | Noticed Azrael
 18801 | D:13     | Killed Azrael
 19335 | D:14     | Found a gate leading to a gauntlet.
 19344 | Gauntlet | Entered a Gauntlet
 19344 | Gauntlet | Found a transporter.
 19344 | Gauntlet | Found a transporter.
 19344 | Gauntlet | Found a transporter.
 19345 | Gauntlet | Found a transporter.
 19348 | Gauntlet | Found a transporter.
 19358 | Gauntlet | Found a transporter.
 19424 | Gauntlet | Found a transporter.
 19439 | Gauntlet | Found a transporter.
 19449 | Gauntlet | Found a transporter.
 19459 | Gauntlet | Found a transporter.
 19474 | Gauntlet | Found a transporter.
 19480 | Gauntlet | Found a transporter.
 19621 | Gauntlet | Identified the amulet "Dan Rul" {Spirit Int-4 Dex+6}
 19634 | Gauntlet | Identified the staff "Osunteja" {rC+ Summ Fire Ice}
 19788 | D:14     | Found a gate to the Vaults.
 19877 | D:14     | Received a gift from Okawaru
 20514 | D:15     | Entered Level 15 of the Dungeon
 20635 | D:15     | Received a gift from Okawaru
 20653 | D:15     | Found a staircase to the Depths.
 20777 | D:15     | Noticed Rupert
 20787 | D:15     | Noticed Nessos
 20803 | D:15     | Killed Rupert
 20804 | D:15     | Reached skill level 15 in Short Blades
 20827 | D:15     | Reached XP level 16. HP: 83/86 MP: 26/26
 20853 | D:15     | Killed Nessos
 21173 | D:15     | Found a corrupted altar of Lugonu.
 21519 | D:15     | Received a gift from Okawaru
 21583 | D:15     | Found Bipezev's Antique Weapon Shop.
 21846 | Spider:1 | Entered Level 1 of the Spider Nest
 22033 | Spider:1 | Received a gift from Okawaru
 22188 | Spider:1 | Reached skill level 5 in Spellcasting
 22609 | Spider:2 | Received a gift from Okawaru
 23369 | Spider:3 | Received a gift from Okawaru
 23479 | Spider:3 | Reached XP level 17. HP: 91/91 MP: 27/27
 24065 | Spider:3 | Received a gift from Okawaru
 24410 | Shoals:1 | Entered Level 1 of the Shoals
 24475 | Shoals:1 | Reached skill level 10 in Stealth
 24668 | Shoals:1 | Found a transporter.
 24668 | Shoals:1 | Found a transporter.
 24669 | Shoals:1 | Noticed Ciuzocro's ghost (adept GnFi)
 24859 | Shoals:1 | Received a gift from Okawaru
 25287 | Shoals:2 | Noticed a kraken
 25287 | Shoals:2 | Noticed a kraken
 25287 | Shoals:2 | Noticed a kraken
 25287 | Shoals:2 | Noticed a kraken
 25768 | Shoals:2 | Received a gift from Okawaru
 26486 | Shoals:2 | Killed a kraken
 26587 | Shoals:2 | Killed a kraken
 26877 | Shoals:2 | Killed a kraken
 27012 | Shoals:2 | Killed a kraken
 27224 | Shoals:3 | Received a gift from Okawaru
 27317 | Shoals:3 | Reached XP level 18. HP: 41/98 MP: 29/29
 27769 | Shoals:3 | Found Ocimoqewna's Armour Shoppe.
 27818 | Shoals:4 | Entered Level 4 of the Shoals
 27830 | Shoals:4 | Paralysed by a formless jellyfish for 1 turns
 28039 | Shoals:4 | Found a glowing golden altar of the Shining One.
 28111 | Shoals:4 | Received a gift from Okawaru
 28226 | Shoals:4 | Got a barnacled rune of Zot
 28397 | Shoals:4 | Identified the amulet "Atousm" {Faith rPois rN+ Stlth+}
 28409 | Shoals:4 | Noticed Polyphemus
 28420 | Shoals:4 | Killed Polyphemus
 28582 | Shoals:4 | Found a white marble altar of Elyvilon.
 28688 | Shoals:4 | Noticed Louise
 29030 | Shoals:3 | Received a gift from Okawaru
 29049 | Shoals:4 | Identified the +5 short sword of Wyosk {heavy, Dex+8}
 29195 | Shoals:4 | Found a glowing silver altar of Zin.
 29210 | Shoals:4 | Got the Grimoire of the Chickpea
 29490 | Shoals:4 | Killed Louise
 29935 | Spider:4 | Entered Level 4 of the Spider Nest
 30295 | Spider:4 | Received a gift from Okawaru
 30774 | Spider:4 | Reached XP level 19. HP: 66/103 MP: 20/30
 31335 | Spider:4 | Got a gossamer rune of Zot
 31746 | Elf:1    | Entered Level 1 of the Elven Halls
 31758 | Elf:1    | Paralysed by an air elemental for 1 turns
 31763 | Elf:1    | Paralysed by an air elemental for 1 turns
 32110 | Elf:1    | Received a gift from Okawaru
 32318 | Elf:1    | Found Xaisovey's Magic Scroll Boutique.
 32336 | Elf:1    | Found Oroisk's Assorted Antiques.
 32338 | Elf:1    | Found Licof's Distillery.
 32338 | Elf:1    | Found Wocvaf's Jewellery Shoppe.
 32340 | Elf:1    | Found Leufow's General Store.
 32485 | Elf:1    | Bought a scroll of blinking for 127 gold pieces
 32485 | Elf:1    | Bought a scroll of enchant armour for 127 gold pieces
 32502 | Elf:1    | Bought a potion of might for 80 gold pieces
 32502 | Elf:1    | Bought a scroll of blinking for 150 gold pieces
 32720 | Elf:1    | Found an ancient bone altar of Kikubaaqudgha.
 33032 | Elf:2    | Found a runed translucent gate.
 33033 | Elf:2    | Found a runed translucent gate.
 33034 | Elf:2    | Found a runed translucent gate.
 33575 | Elf:2    | Received a gift from Okawaru
 33921 | Elf:2    | Reached skill level 15 in Invocations
 34391 | Elf:3    | Entered Level 3 of the Elven Halls
 34398 | Elf:3    | Found Ifouwny's Antique Weapon Boutique.
 34407 | Elf:3    | Found Jap Wues's Distillery.
 34437 | Elf:3    | Bought a potion of attraction for 54 gold pieces
 34460 | Elf:3    | Found Amaticotz's Armour Shoppe.
 34550 | Elf:3    | Received a gift from Okawaru
 34622 | Elf:3    | Found Sasuom's Distillery.
 34629 | Elf:3    | Bought a potion of might for 52 gold pieces
 34679 | Elf:3    | Reached skill level 10 in Armour
 34836 | Elf:3    | Paralysed by an air elemental for 1 turns
 35785 | Elf:3    | Identified the +1 quarterstaff of Duty {elec, ^Fragile
                  | rElec Str+7}
 35802 | Elf:3    | Reached XP level 20. HP: 110/110 MP: 32/32
 35971 | Elf:3    | Received a gift from Okawaru
 36052 | Elf:3    | Identified the +1 halberd of Maon Xonarph {flame, rF- rN++
                  | Dex+2}
 36385 | Elf:3    | Noticed a Tzitzimitl
 36441 | Elf:3    | Noticed a Brimstone Fiend
 36954 | Elf:3    | Identified the +5 scale mail "Cekkau" {Will+ Regen+ Str-4
                  | Dex+2}
 36957 | Elf:3    | Paralysed by an air elemental for 1 turns
 36957 | Elf:3    | Identified the +1 robe of Anaesthesia {+Inv Will+ Str+3
                  | Dex-5}
 36959 | Elf:3    | Identified the ring "Setruo" {rPois rF+ Will- Str+4}
 36962 | Elf:3    | Paralysed by an air elemental for 1 turns
 36967 | Elf:3    | Paralysed by an air elemental for 1 turns
 36972 | Elf:3    | Paralysed by an air elemental for 1 turns
 37024 | Elf:3    | Received a gift from Okawaru
 37243 | Elf:3    | Noticed a Tzitzimitl
 37291 | Elf:3    | Identified the staff "Coottegi" {rC+ MP+9 Ice}
 37322 | Elf:3    | Got Sif Muna's Omnibus of Vapourous Melanosis
 37335 | Elf:3    | Got the Enchiridion on Metallic Arcane Weapons
 37366 | Elf:3    | Got the Anthology of the Predestined Solution
 37935 | Shoals:1 | Killed Ciuzocro's ghost
 38052 | Shoals:1 | Identified the ring "Kiruimm" {rN+ rCorr Str+3 SInv}
 38055 | Shoals:1 | Identified the +4 ring mail of Qazlal's Hatred {Will+}
 38234 | Temple   | Fell from the grace of Okawaru
 38234 | Temple   | Became a worshipper of Uskayaw the Reveller
 38401 | Vaults:1 | Entered Level 1 of the Vaults
 38474 | Vaults:1 | Reached * piety under Uskayaw
 38476 | Vaults:1 | Reached ** piety under Uskayaw
 38486 | Vaults:1 | Reached *** piety under Uskayaw
 38489 | Vaults:1 | Reached **** piety under Uskayaw
 38739 | Vaults:1 | Reached ***** piety under Uskayaw
 38812 | Vaults:1 | Reached skill level 15 in Stealth
 38879 | Vaults:1 | Reached ****** piety under Uskayaw
 40212 | Vaults:2 | Reached XP level 21. HP: 114/116 MP: 34/34
 40514 | Vaults:2 | Noticed Jory
 40835 | Vaults:2 | Killed Jory
 40881 | Vaults:2 | Paralysed by a formless jellyfish for 1 turns
 41080 | Vaults:2 | Found a staircase to the Crypt.
 41672 | Vaults:3 | Reached skill level 15 in Fighting
 42477 | Vaults:3 | Reached skill level 15 in Shields
 42911 | Vaults:3 | Found Toyn's Magic Scroll Shoppe.
 42914 | Vaults:3 | Bought a scroll of acquirement for 676 gold pieces
 42914 | Vaults:3 | Bought a scroll of enchant weapon for 97 gold pieces
 42914 | Vaults:3 | Bought a scroll of fear for 52 gold pieces
 42914 | Vaults:3 | Bought a scroll of fear for 52 gold pieces
 42914 | Vaults:3 | Acquired the +0 pair of gloves of Burnt Knowledge {rF++
                  | Regen+ Dex+2}
 43156 | Vaults:3 | Was forgiven by Okawaru
 43459 | Vaults:4 | Noticed Zenata
 43469 | Vaults:4 | Killed Zenata
 43775 | Vaults:4 | Reached XP level 22. HP: 111/123 MP: 35/35
 43786 | Vaults:4 | Reached skill level 15 in Dodging
 44833 | Depths:1 | Entered Level 1 of the Depths
 44843 | Depths:1 | Found a gateway to Hell.
 45130 | Depths:1 | Found a one-way gateway to a ziggurat.
 45330 | Depths:1 | You fall into a shaft and drop 1 floor!
 45330 | Depths:2 | Noticed Nikola
 45344 | Depths:2 | Killed Nikola
 45617 | Depths:1 | Found a one-way gate to the infinite horrors of the Abyss.
 45689 | Depths:1 | Identified the +1 pair of boots of Oily Awe {Will+}
 45774 | Depths:2 | Identified the +2 war axe of the Cursing Shrike {flame,
                  | rElec rPois Int+3 Dex+2}
 46023 | Depths:2 | Identified the +0 ring mail "Muqayhym" {rElec}
 46122 | Depths:2 | Found a corrupted altar of Lugonu.
 46142 | Depths:2 | Found a one-way gate leading to the halls of Pandemonium.
 46173 | Depths:2 | Identified the ring "Pyovview" {rF+ rC+ MP+9 Str+2}
 46258 | Depths:2 | Reached XP level 23. HP: 133/133 MP: 36/36
 46291 | Depths:2 | Found the +10 zealot's sword {holy, Zealotry, *Rage rN+
                  | EV+3}
 47122 | Depths:3 | Found Yhodwuud's Book Emporium.
 47123 | Depths:3 | Found Vapaxte's Jewellery Shop.
 47126 | Depths:3 | Found Obiur's Book Emporium.
 47419 | Depths:4 | Entered Level 4 of the Depths
 47699 | Depths:4 | Found a gate to the Realm of Zot.
 47699 | Depths:4 | Noticed a golden dragon
 47709 | Depths:4 | Killed a golden dragon
 47719 | Depths:4 | Got a midnight gem with 421 turns to spare
 48091 | Depths:4 | Found a portal to a secret trove of treasure.
 48881 | Slime:1  | Entered Level 1 of the Pits of Slime
 48930 | Slime:1  | You fall into a shaft and drop 1 floor!
 49930 | Slime:2  | Gained mutation: You are frail. (-10% HP) [a shining eye]
 49935 | Slime:2  | Gained mutation: You are agile. (Dex +4, Str/Int -1) [a
                  | shining eye]
 50638 | Slime:4  | Reached XP level 24. HP: 123/123 MP: 36/36
 50756 | Slime:4  | Gained mutation: Your mind is acute. (Int +4, Str/Dex -1)
                  | [a shining eye]
 50922 | Slime:5  | Entered Level 5 of the Pits of Slime
 51574 | Slime:5  | Noticed the Royal Jelly
 51728 | Slime:5  | Killed the Royal Jelly
 51815 | Slime:5  | Identified the ring "Ycaunaig" {rPois rCorr Int+6 SInv}
 51840 | Slime:5  | Got Hishiucove's Precepts of Shadowy Shifting
 51841 | Slime:5  | Identified the ring of the Sneaky Knives {rPois rC- rN+
                  | rCorr Int+5}
 51850 | Slime:5  | Got a slimy rune of Zot
 51870 | Slime:5  | Identified the ring of Zeeboigh {Fly Dex+4}
 51884 | Slime:5  | Identified the +1 robe of Bibusm {Harm rN+ Int-2}
 51892 | Slime:5  | Got the Codex of Blasted Turbulence
 52511 | Crypt:1  | Entered Level 1 of the Crypt
 52770 | Crypt:1  | Found a basalt altar of Yredelemnul.
 52781 | Crypt:1  | Identified the ring of Duthreq {MP+9 Int+6}
 52814 | Crypt:1  | Got Lyelysed's Papyrus of the Charnel House
 53662 | Crypt:2  | Identified the ring of Vodka {Ice rN+ Dex+3}
 53662 | Crypt:2  | Noticed Josephina
 53831 | Crypt:2  | Killed Josephina
 54385 | Crypt:2  | Learned a level 2 spell: Blink
 54402 | Crypt:3  | Entered Level 3 of the Crypt
 54418 | Crypt:3  | Reached skill level 1 in Translocations
 54629 | Crypt:3  | Found a staircase to the Tomb.
 55110 | Crypt:3  | Reached XP level 25. HP: 128/128 MP: 33/37
 55189 | Crypt:3  | Found an ancient bone altar of Kikubaaqudgha.
 55197 | Crypt:3  | Found a basalt altar of Yredelemnul.
 55534 | Crypt:3  | Identified the staff "Oguily" {Fly rC+ Str+3 Stlth- Fire
                  | Ice}
 55550 | Crypt:3  | Found the +7 great mace "Undeadhunter" {deathbane, rN+}
 55556 | Crypt:3  | Identified the flux talisman of Knowledge {rN+ Will+ Dex-5}
 55558 | Crypt:3  | Identified the +7 broad axe of Addoupips {freeze, rElec}
 56147 | Vaults:5 | Entered Level 5 of the Vaults
 56160 | Vaults:5 | Reached skill level 5 in Translocations
 56250 | Vaults:5 | Noticed a dread lich
 56397 | Vaults:4 | Killed a dread lich
 56610 | Vaults:5 | Noticed an ancient lich
 56992 | Elf:1    | Bought 2 potions of haste for 220 gold pieces
 56995 | Elf:1    | Bought a potion of invisibility for 128 gold pieces
 57367 | Vaults:5 | Noticed Bai Suzhen
 57385 | Vaults:5 | Killed Bai Suzhen
 57403 | Vaults:5 | Identified the +0 robe of Eternity {rC+ Will+ rCorr}
 57406 | Vaults:4 | Killed an ancient lich
 57541 | Vaults:5 | Noticed an ancient lich
 57628 | Vaults:4 | Killed an ancient lich
 57790 | Vaults:5 | Identified the +4 robe of Tadejis {rC+}
 57790 | Vaults:5 | Noticed Boris
 57829 | Vaults:4 | Killed Boris
 57846 | Vaults:5 | Identified the +9 great sword "Weeve Viwi" {protect, Int+4}
 57971 | Vaults:5 | Reached skill level 1 in Shapeshifting
 58012 | Vaults:5 | Reached XP level 26. HP: 135/135 MP: 37/37
 58023 | Abyss:3  | Cast into level 3 of the Abyss (tengu reaver)
 58149 | Abyss:3  | Reached skill level 5 in Shapeshifting
 58170 | Abyss:3  | Found a corrupted altar of Lugonu.
 58323 | Vaults:5 | Escaped the Abyss
 58364 | Vaults:5 | Noticed Mara
 58375 | Vaults:5 | Noticed Mulldrifter's illusion
 58376 | Vaults:5 | Killed Mara
 58501 | Vaults:5 | Identified the staff of Ywotois {Int+2 Conj}
 58594 | Vaults:5 | Identified the +10 long sword "Inon" {flame, rN+ rCorr
                  | Str+2}
 58594 | Vaults:5 | Identified the amulet "Qatiepiy" {rF+ rC+ RegenMP+}
 58638 | Vaults:5 | Got a silver rune of Zot
 58649 | Vaults:5 | Identified the +8 hand axe of the Jumping Gods {venom, Fly
                  | rPois}
 58899 | Vaults:5 | Acquired 971 gold pieces
 58977 | Vaults:5 | Reached skill level 10 in Shapeshifting
 59046 | Vaults:5 | Noticed Margery
 59050 | Vaults:5 | Killed Margery
 59151 | Vaults:5 | Found Zony's Antique Weapon Shop.
 59160 | Vaults:5 | Identified the +6 hand axe "Qusupiz" {flame, rElec rCorr
                  | Int+3 Dex-3}
 59190 | Vaults:5 | Bought the +8 Vampire's Tooth {megavamp} for 1980 gold
                  | pieces
 59190 | Vaults:5 | Found the +8 Vampire's Tooth {megavamp}
 59384 | Vaults:5 | Identified the +3 ring mail of Vutyen {rN+ Stlth+}
 59506 | Vaults:5 | Lost mutation: You are frail. (-10% HP) [potion of
                  | mutation]
 59506 | Vaults:5 | Lost mutation: You are agile. (Dex +4, Str/Int -1) [potion
                  | of mutation]
 59506 | Vaults:5 | Gained mutation: You are frail. (-10% HP) [potion of
                  | mutation]
 59507 | Vaults:5 | Lost mutation: Your mind is acute. (Int +4, Str/Dex -1)
                  | [potion of mutation]
 59507 | Vaults:5 | Lost mutation: You are frail. (-10% HP) [potion of
                  | mutation]
 59507 | Vaults:5 | Gained mutation: Your health recovers twice as slowly from
                  | being drained. [potion of mutation]
 59507 | Vaults:5 | Gained mutation: You possess an exceptional clarity of
                  | mind. [potion of mutation]
 59507 | Vaults:5 | Gained mutation: Your spells are a little harder to cast,
                  | but a little more powerful. [potion of mutation]
 60182 | Depths:4 | You paid a toll of a +8 demon blade to enter a treasure
                  | trove
 60183 | Trove    | Entered a treasure trove
 60205 | Trove    | Acquired a manual of Maces & Flails
 60264 | Zot:1    | Entered Level 1 of the Realm of Zot
 60996 | Zot:2    | Found a transporter.
 61252 | Zot:2    | Noticed an orb of fire
 61252 | Zot:2    | Noticed an orb of fire
 61362 | Zot:2    | Gained mutation: You are robust. (+10% HP) [an orb of fire]
 61364 | Zot:2    | Gained mutation: You are occasionally teleported next to
                  | monsters. [an orb of fire]
 61367 | Zot:2    | Gained mutation: Your body sometimes deteriorates upon
                  | taking damage. [an orb of fire]
 61382 | Zot:2    | Killed an orb of fire
 61393 | Zot:2    | Gained mutation: Your magical capacity is low. (-10% MP)
                  | [an orb of fire]
 61408 | Zot:2    | Killed an orb of fire
 61550 | Zot:2    | Found a transporter.
 62205 | Zot:3    | Found Miaxunairr's CLEARANCE SALE!.
 62463 | Zot:3    | Bought a scroll of enchant weapon for 45 gold pieces
 62564 | Zot:3    | Found a transporter.
 62566 | Zot:3    | Noticed an orb of fire
 62629 | Zot:3    | Found a transporter.
 63145 | Orc:2    | Bought a granite talisman for 780 gold pieces
 63471 | Zot:4    | Reached skill level 15 in Shapeshifting
 63604 | Zot:4    | Identified the +8 flail of a bazaar {elec, rPois Will+
                  | Dex+2}
 63640 | Zot:4    | Reached XP level 27. HP: 169/169 MP: 34/34
 63703 | Zot:4    | Noticed an orb of fire
 63712 | Zot:4    | Gained mutation: Your body often deteriorates upon taking
                  | damage. [an orb of fire]
 63729 | Zot:4    | Killed an orb of fire
 65062 | Zot:5    | Entered Level 5 of the Realm of Zot
 65155 | Zot:5    | Found a transporter.
 65161 | Zot:5    | Found a transporter.
 65164 | Zot:5    | Found a transporter.
 65167 | Zot:5    | Found a transporter.
 65245 | Zot:5    | Found a transporter.
 65252 | Zot:5    | Found a transporter.
 65401 | Zot:5    | Noticed an orb of fire
 65409 | Zot:5    | Noticed a dread lich
 65411 | Zot:5    | Noticed a dread lich
 65416 | Zot:5    | Noticed an orb of fire
 65423 | Zot:5    | Noticed an orb of fire
 65423 | Zot:5    | Noticed an orb of fire
 65423 | Zot:5    | Noticed an ancient lich
 65569 | Zot:4    | Lost mutation: Your spells are a little harder to cast, but
                  | a little more powerful. [potion of mutation]
 65569 | Zot:4    | Lost mutation: You possess an exceptional clarity of mind.
                  | [potion of mutation]
 65569 | Zot:4    | Lost mutation: Your body often deteriorates upon taking
                  | damage. [potion of mutation]
 65569 | Zot:4    | Lost mutation: Your magical capacity is low. (-10% MP)
                  | [potion of mutation]
 65569 | Zot:4    | Gained mutation: You are partially covered in iridescent
                  | scales. (AC +2) [potion of mutation]
 65569 | Zot:4    | Gained mutation: Your muscles are strong. (Str +4, Int/Dex
                  | -1) [potion of mutation]
 65570 | Zot:4    | Lost mutation: You are occasionally teleported next to
                  | monsters. [potion of mutation]
 65570 | Zot:4    | Lost mutation: Your body sometimes deteriorates upon taking
                  | damage. [potion of mutation]
 65570 | Zot:4    | Lost mutation: You are robust. (+10% HP) [potion of
                  | mutation]
 65570 | Zot:4    | Gained mutation: You occasionally lose the ability to drink
                  | potions when taking damage. [potion of mutation]
 65570 | Zot:4    | Gained mutation: Your body sometimes deteriorates upon
                  | taking damage. [potion of mutation]
 65571 | Zot:4    | Lost mutation: You occasionally lose the ability to drink
                  | potions when taking damage. [potion of mutation]
 65571 | Zot:4    | Lost mutation: You are partially covered in iridescent
                  | scales. (AC +2) [potion of mutation]
 65571 | Zot:4    | Lost mutation: Your muscles are strong. (Str +4, Int/Dex
                  | -1) [potion of mutation]
 65571 | Zot:4    | Gained mutation: You have a pair of small horns on your
                  | head. [potion of mutation]
 65858 | Zot:5    | Killed an orb of fire
 65960 | Zot:5    | Gained mutation: You occasionally lose the ability to read
                  | scrolls when taking damage. [an orb of fire]
 65961 | Zot:5    | Gained mutation: Your body often deteriorates upon taking
                  | damage. [an orb of fire]
 65966 | Zot:5    | Lost mutation: You occasionally lose the ability to read
                  | scrolls when taking damage. [an orb of fire]
 65983 | Zot:5    | Killed an orb of fire
 66063 | Zot:5    | Killed an orb of fire
 66067 | Zot:5    | Noticed a dread lich
 66068 | Zot:5    | Killed an orb of fire
 66068 | Zot:5    | Killed a dread lich
 66079 | Zot:5    | Killed a dread lich
 66106 | Zot:5    | Killed a dread lich
 66129 | Zot:5    | Killed an ancient lich
 66531 | Zot:5    | Got the Orb of Zot
 66546 | Zot:5    | Noticed Adum the pandemonium lord
 66587 | Zot:5    | Noticed Goz Pof the pandemonium lord
 66702 | Zot:3    | Noticed Weneda the pandemonium lord
 67173 | D:3      | Fell from the grace of Uskayaw
 67173 | D:3      | Became a worshipper of Fedhas Madash
 67276 | D:$      | Escaped with the Orb!

Illustrated notes

Levels and vault maps discovered:
D:1:      minmay_arrival_doors, layout_rooms, grunt_decor_arrowhead,
          minmay_3d_cube
D:2:      layout_basic, serial_forest, infiniplex_forest_clump_double,
          infiniplex_forest_corner_1, infiniplex_forest_clump_large,
          infiniplex_forest_clump_medium, infiniplex_forest_end_double,
          infiniplex_forest_lined_room_2
D:3:      layout_rooms, nicolae_overflow_hidden_temple,
          gammafunk_temple_of_torment
D:4:      layout_loops_ring, uniq_edmund, uniq_natasha
D:5:      layout_basic, uniq_sigmund
D:6:      layout_loops_ring, grunt_ministairs_8, st_stairs_14
D:7:      layout_cave_pools, nicolae_qazlal_scattered_showers,
          mainiacjoe_overflow_big_doors, minmay_temple_entry_junction,
          serial_shops, nicolae_shop_back_alley_shop, hex_large, grunt_potential
D:8:      layout_rooms, serial_bayou_lake_a, uniq_gastronok
D:9:      layout_loops_corners, mainiacjoe_overflow_alcove_4,
          kennysheep_slug_shrine
D:10:     layout_loops_ring, lightli_temple_of_fire, old_standard_altar
D:11:     layout_irregular_city, minmay_lair_entry_grove, portal_ice_cave_rime,
          uniq_grum
D:12:     layout_irregular_city, orc_0_dummy, minivault_15, uniq_jorgrun,
          uniq_sonja, uniq_fannar
D:13:     layout_cave_pools, uniq_azrael
D:14:     layout_loops_ring, erik_vaults_2, kennysheep_decorative_pillar,
          gauntlet_entry_generic
D:15:     gammafunk_depths_entry_grave, layout_basic, serial_shops,
          nicolae_shop_hallway_plus, serial_bayou_pond_b,
          marbit_kobold_abyssish, uniq_rupert, uniq_nessos
Temple:   nicolae_temple_x_marks_the_god
Lair:1:   layout_gridlike, infiniplex_staircase_pool_2
Lair:2:   layout_chaotic_city, hellmonk_spider_entry_life_and_decay,
          infiniplex_staircase_pool, grunt_megastairs_3, lemuel_fruit_tree
Lair:3:   layout_loops_ring, elwin_shoals_entry_rocks, nicolae_lair_lil_pond
Lair:4:   layout_small_grid, slime_entry_2, nicolae_quartered_pool_impasse
Lair:5:   minmay_lair_end_enchanted_forest, layout_misc_corridors, st_stairs_13,
          serial_bayou_shore_a
Shoals:1: layout_shoals, ebering_ghost_davey_jones
Shoals:2: layout_shoals, nicolae_shoals_kraken_party
Shoals:3: layout_shoals, serial_shops, nicolae_shop_window_shopping
Shoals:4: shoals_end_hellmonk_holy_island, uniq_polyphemus, uniq_louise
Spider:1: layout_spider_delve, worms_lemuel
Spider:2: layout_spider_delve
Spider:3: layout_spider_delve, nicolae_spider_bzzzt
Spider:4: grunt_spider_rune_circles
Slime:1:  cheibrodos_slime_lost_civilization_8, layout_caves
Slime:2:  layout_caves
Slime:3:  layout_caves
Slime:4:  layout_caves, nicolae_slime_crime_time
Slime:5:  slime_pit_nicolae_royal_road_to_ruin
Orc:1:    layout_caves, ebering_ghost_reflecting_pool
Orc:2:    hellmonk_orc_salted, layout_caves, uniq_donald
Elf:1:    eino_elf_arrival_customs, layout_loops_cross, serial_shops, shop,
          guppyfry_elf_altar, minmay_shoptagon
Elf:2:    elven_hall_of_blades_hangedman_original
          [nicolae_blade_entry_diamond_columns], layout_loops_corners, hex_tiny,
          st_stairs_2, grunt_ministairs_10
Elf:3:    minmay_elf_hall_golems, layout_geoelf_grid, serial_shops,
          nicolae_shop_rolling_square, nicolae_shop_window_shopping, shop, shop,
          nicolae_elf_glass_and_crystal_pillar_1
Vaults:1: v_rooms_4, nicolae_vaults_network_barrier, hangedman_vaults_nails,
          nicolae_vaults_asterisk, nicolae_vaults_offset_grid_hallway_2,
          nicolae_vaults_closet_pinwheel_2, grunt_vaults_focal,
          nicolae_vaults_alarming, hangedman_vaults_maws,
          vaults_room_stairs_pillars, grunt_vaults_bifocal,
          grunt_vaults_diagonal, nicolae_vaults_security_offices_1,
          ontoclasm_vaults_claustrophobia, vaults_mumra_lcd,
          nicolae_vaults_circle_grid_b, nicolae_vaults_tetromino_T_1,
          layout_vaults_ring
Vaults:2: ontoclasm_vaults_eye, minmay_crypt_entry_simple_plaza,
          nicolae_vaults_turnstiles, nicolae_vaults_little_squares_3,
          serial_library_regret_index_small_wings, v_rooms_2, vaults_room_pools,
          nicolae_vaults_tetromino_T_2, serial_ice_h, layout_vaults_omnicross,
          uniq_jory
Vaults:3: nicolae_vaults_tetromino_T_2, nicolae_vaults_lightning_bolt,
          vaults_dpeg_encased_lava, nicolae_vaults_tetromino_T_1,
          cheibrodos_statue_roulette, nicolae_vaults_closet_pinwheel_2,
          nicolae_vaults_tetromino_L_2, vaults_room_corners,
          nicolae_vaults_prndl, nicolae_vaults_ninety_degrees,
          vaults_room_stairs_pillars, nicolae_vaults_hallways_thing,
          grunt_vaults_trifunnel, serial_library_hellmonk_reading_circle,
          nicolae_vaults_doubleplus_tesselated, vaults_room_grid,
          nicolae_vaults_cochlea, nicolae_vaults_triangles,
          vaults_room_semicircle, layout_vaults_omnibox, serial_shops,
          nicolae_shop_rolled_up
Vaults:4: nicolae_vaults_tetromino_Z_2, vaults_mumra_hex,
          nicolae_vaults_diagonal_hallway_6, nicolae_vaults_little_squares_6,
          nicolae_vaults_big_angled_halls, st_smaller_cells,
          hangedman_vaults_pinch, hangedman_vaults_impose,
          nicolae_vaults_specimen_jars, nicolae_vaults_tetromino_L_2,
          v_alt_pattern_6, ontoclasm_vaults_twist, layout_vaults_omnigrid,
          uniq_zenata
Vaults:5: uniq_bai_suzhen, uniq_boris, uniq_margery, uniq_mara
Crypt:1:  layout_basic, weyrava_vampire_temple, grunt_crypt_arrival_split
Crypt:2:  layout_rooms, minicrypt_bobbens, uniq_josephina
Crypt:3:  lightli_unholy_cathedral, layout_chaotic_city,
          nicolae_tomb_entry_unfolded_pyramid_orthogonal, grunt_megastairs_5
Depths:1: layout_cave_pools, enter_ziggurat_f, hell_entry,
          kennysheep_small_spiral, minmay_room_of_horrors,
          nicolae_lava_and_water, chequers_serial_rivers_micro_d,
          hangedman_decor_riveting, kennysheep_just_a_vault
Depths:2: minmay_the_grid_plus_closed [minmay_the_grid_eight,
          minmay_the_grid_zigzag_pyramid, minmay_the_grid_tree,
          minmay_the_grid_all_tris, minmay_the_grid_prize_diamond_cup],
          layout_cave_pools, abyss_entry_flame_altar, serial_bayou_pond_e,
          grunt_pan_entry_spiral, hell_entry, uniq_nikola
Depths:3: kennysheep_ambush_hall, layout_gridlike, hell_entry,
          minmay_misc_feat_more_columns, abyss_entry,
          infiniplex_staircase_pillars_2, minmay_shop_grove
Depths:4: grunt_x_marks_the_spot, layout_cave_shapes,
          serial_library_hellmonk_semicircle, enter_trove_2, hell_entry,
          rand_demon_pan_entry_8, hangedman_decor_lopped
Zot:1:    layout_twisted_circle, hangedman_zot_decor_slant,
          regret_index_zotdec_twisting_globes
Zot:2:    gammafunk_its_a_trap, layout_misc_corridors, lemuel_lake_of_fire
Zot:3:    gammafunk_sealed_arena, layout_misc_corridors,
          regret_index_zotdec_under_construction, nicolae_shop_clearance,
          grunt_megastairs_4, uniq_grunn
Zot:4:    minmay_elemental_castle, layout_basic
Zot:5:    layout_misc_corridors, serial_nicolae_subway,
          nicolae_sub_station_metal, nicolae_sub_station_crystal,
          nicolae_sub_station_stone

Skill      XL: |  1  2  3  4  5  6  7  8  9 10 11 12 13 14 15 16 17 18 19 20 21 22 23 24 25 26 27 |
---------------+----------------------------------------------------------------------------------+-----
Short Blades   | 2 3 4 5 7 9 12 14 15 16 17 | 17.0
Dodging        | 1 2 3 4 5 6 8 9 10 11 12 13 14 15 16 17 18 19 | 19.6
Stealth        | 5 7 9 11 12 13 15 | 15.0
Fighting       | 2 3 4 5 6 7 9 10 11 12 13 14 15 18 19 20 | 20.8
Invocations    | 4 6 8 9 12 13 14 15 16 17 19 20 | 20.0
Shields        | 1 6 8 10 11 12 13 14 15 16 17 18 20 | 20.2
Armour         | 4 5 6 7 8 9 10 | 10.0
Spellcasting   | 1 4 5 8 |  8.0
Translocations | 3 6 |  6.0
Shapeshifting  | 2 15 16 | 16.0
Throwing       | |  1.7

Action                     |  1- 3 |  4- 6 |  7- 9 | 10-12 | 13-15 | 16-18 | 19-21 | 22-24 | 25-27 || total
---------------------------+-------+-------+-------+-------+-------+-------+-------+-------+-------++-------
  Melee: Dagger            |    94 |   190 |    30 |       |       |       |       |       |       ||   314
         Bite              |    24 |    57 |    54 |   180 |  1117 |  1279 |  1201 |  1065 |  1257 ||  6234
         Hand axe          |       |       |   165 |   431 |   122 |       |       |       |       ||   718
         Quick blade       |       |       |       |       |  1715 |   603 |   629 |       |   973 ||  3920
         Rapier            |       |       |       |       |   469 |  2111 |  1808 |  1558 |   985 ||  6931
         Eudemon blade     |       |       |       |       |       |       |       |   325 |    67 ||   392
         Headbutt          |       |       |       |       |       |       |       |       |   116 ||   116
  Throw: Dart              |       |     9 |     1 |    18 |       |     8 |     1 |       |       ||    37
   Cast: Blink             |       |       |       |       |       |       |       |       |     1 ||     1
 Invoke: Heroism           |       |       |       |     1 |     5 |     3 |     5 |       |       ||    14
         Finesse           |       |       |       |     1 |     3 |     1 |     2 |       |       ||     7
         Receive Weapon    |       |       |       |       |     1 |       |       |       |       ||     1
         Receive Armour    |       |       |       |       |     1 |       |       |       |       ||     1
         Stomp             |       |       |       |       |       |       |     2 |       |       ||     2
         Line Pass         |       |       |       |       |       |       |     1 |       |     2 ||     3
         Grand Finale      |       |       |       |       |       |       |       |     1 |     1 ||     2
  Evoke: Wand              |       |     7 |     5 |    15 |    11 |    26 |       |       |     4 ||    68
         Lightning rod     |       |       |       |       |       |     4 |     2 |       |       ||     6
         Tin of tremorston |       |       |       |       |       |       |     2 |       |       ||     2
         Phantom mirror    |       |       |       |       |       |       |       |       |     1 ||     1
    Use: Scroll            |       |     6 |     9 |    10 |    16 |     9 |    17 |     3 |    25 ||    95
         Potion            |       |       |       |       |     1 |     4 |     4 |     3 |    18 ||    30
   Stab: Sleeping          |     2 |     2 |     6 |     3 |    11 |    14 |    50 |    55 |    16 ||   159
         Distracted        |       |       |     1 |    14 |     7 |     3 |     8 |     6 |     9 ||    48
         Petrified         |       |       |       |       |    11 |     7 |       |       |       ||    18
         Petrifying        |       |       |       |       |     3 |       |       |       |       ||     3
         Paralysed         |       |       |       |       |       |       |   106 |   173 |   132 ||   411
         Confused          |       |       |       |       |       |       |       |       |     1 ||     1
         Invisible         |       |       |       |       |       |       |       |       |     1 ||     1
 Armour: Robe              |    20 |       |       |       |       |       |       |       |       ||    20
         Ring mail         |    25 |   121 |   131 |   252 |   424 |  1097 |   689 |   335 |   393 ||  3467
         Skin              |       |       |       |       |       |       |       |       |     1 ||     1
  Dodge: Dodged            |    62 |    79 |   125 |   355 |   746 |  2048 |  1036 |   815 |   965 ||  6231
         Repelled          |       |       |       |       |       |       |    14 |    22 |    88 ||   124
  Block: Buckler           |       |       |       |    59 |   353 |   924 |   490 |   408 |   233 ||  2467
         Kite shield       |       |       |       |       |       |       |       |       |   562 ||   562
         Reflection        |       |       |       |       |       |       |       |       |    20 ||    20
         Form:             |       |       |       |       |       |       |       |       |     1 ||     1
         Statue            |       |       |       |       |       |       |       |       |     1 ||     1

Table legend: (Time is in decaauts)
 A = Elapsed time spent in this place.
 B = Non-inter-level travel time spent in this place.
 C = Inter-level travel time spent in this place.
 D = Time resting spent in this place.
 E = Time spent auto-exploring this place.
 F = Levels seen in this place.
 G = Mean time per level.
                   A        B        C        D        E       F      G
               +--------+--------+--------+--------+--------+-----+--------+
         Total |  63410 |  53157 |  10253 |   7848 |  31696 |  60 | 1056.8 |
       Dungeon |  15124 |  12254 |   2870 |   1053 |   8227 |  15 | 1008.3 |
        Temple |     30 |      2 |     28 |      0 |      0 |   1 |   30.0 |
          Lair |   4971 |   4173 |    798 |    125 |   3044 |   5 |  994.2 |
        Shoals |   5173 |   4420 |    753 |   1024 |   1794 |   4 | 1293.2 |
   Spider Nest |   3761 |   3238 |    523 |    226 |   2025 |   4 |  940.2 |
    Slime Pits |   2667 |   2117 |    550 |    274 |   1233 |   5 |  533.4 |
  Orcish Mines |   2194 |   1819 |    375 |    212 |   1159 |   2 | 1097.0 |
   Elven Halls |   5619 |   5027 |    592 |   1856 |   2013 |   3 | 1873.0 |
        Vaults |   8777 |   6724 |   2053 |    696 |   4443 |   5 | 1755.4 |
         Crypt |   3328 |   3165 |    163 |    737 |   1736 |   3 | 1109.3 |
        Depths |   4072 |   3269 |    803 |    104 |   2501 |   4 | 1018.0 |
           Zot |   5852 |   5111 |    741 |    889 |   3086 |   5 | 1170.4 |
         Abyss |    266 |    266 |      0 |      0 |     19 |   1 |  266.0 |
         Trove |     37 |     37 |      0 |      0 |     28 |   1 |   37.0 |
      Ice Cave |   1225 |   1225 |      0 |    650 |    198 |   1 | 1225.0 |
      Gauntlet |    308 |    308 |      0 |      0 |    186 |   1 |  308.0 |
               +--------+--------+--------+--------+--------+-----+--------+

Top non-repeatable levels by time:
   Elf:3: 2805 daAuts
Vaults:1: 2168 daAuts
Vaults:4: 2126 daAuts
   Zot:4: 1957 daAuts
Vaults:3: 1838 daAuts
Shoals:2: 1726 daAuts
   Elf:2: 1578 daAuts
   Orc:2: 1463 daAuts
Spider:4: 1414 daAuts
 Crypt:3: 1360 daAuts
Vaults:2: 1329 daAuts
Vaults:5: 1313 daAuts
     D:4: 1308 daAuts
Shoals:1: 1292 daAuts
Depths:4: 1270 daAuts
